 Dungeon Crawl Stone Soup version 0.32-a0-975-g85d4e5bfdb (webtiles) character file.

Game seed: 5370853694620520240

35 Ekko the Chopper (level 3, 33/33 HPs)
             Began as a Minotaur Berserker on Apr 18, 2024.
             Was a Believer of Trog.
             Quit the game on level 1 of the Dungeon.
             The game lasted 00:06:21 (1017 turns).

Ekko the Chopper (Minotaur Berserker)               Turns: 1017, Time: 00:06:22

Health: 33/33      AC:  6    Str: 23    XL:     3   Next: 16%
Magic:  2/2        EV: 10    Int:  4    God:    Trog [**....]
Gold:   42         SH:  0    Dex:  9    Spells: 2/2 levels left

rFire   . . .        a - +1 hand axe (heavy)
rCold   . . .        (no shield)
rNeg    . . .        g - +0 ring mail
rPois   .            (helmet restricted)
rElec   .            (no cloak)
rCorr   .            k - +0 pair of gloves
SInv    .            (no boots)
Will    .....        (no amulet) Stlth
                     (no ring)
HPRegen 0.25/turn    (no ring)
MPRegen 0.08/turn

%: no passive effects
@: no status effects
A: horns 2, retaliatory headbutt
a: Renounce Religion, Berserk, Trog's Hand


You were on level 1 of the Dungeon.
You worshipped Trog.
Trog was pleased with you.
You visited 1 branch of the dungeon, and saw 1 of its levels.

You collected 42 gold pieces.

Inventory:

Hand Weapons
 a - a +1 heavy hand axe (weapon)
Armour
 g - a +0 ring mail (worn)
 k - a +0 pair of gloves (worn)
Scrolls
 c - a scroll of enchant weapon
 j - a scroll of noise {unknown}
Potions
 b - a potion of lignification {unknown}
 e - a potion of cancellation {unknown}
 i - a potion of enlightenment {unknown}


   Skills:
 + Level 4.1 Fighting
 + Level 4.1 Axes
 + Level 3.0 Armour
 + Level 2.7 Dodging


You had 2 spell levels left.
You didn't know any spells.
Your spell library contained the following spells:

 Spells                   Type           Power      Damage    Failure   Level
 Apportation              Tloc           0%         N/A       65%         1
 Jinxbite                 Hex            0%         N/A       80%         2
 Alistair's Intoxication  Alch           0%         N/A       100%        5


Dungeon Overview and Level Annotations

Branches:
Dungeon (1/15)

Altars:


Innate Abilities, Weirdness & Mutations

You have a pair of horns on your head.
You reflexively headbutt those who attack you in melee.


Message History

HP restored.
You see here a +0 helmet.
You see here a ball python skeleton.
Found a pair of gloves.
A bat comes into view.
The bat hits you.
Found a scroll labelled GOAFOY EQIXU.
The bat barely misses you.
You hit the bat.
The bat is heavily wounded.
The bat barely misses you. The bat hits you but does no damage.
You hit the bat.
You kill the bat!
Trog accepts your kill.
You can now call upon Trog for regeneration and willpower.
j - a scroll labelled GOAFOY EQIXU You see here a +0 pair of gloves.
k - a +0 pair of gloves You start putting on your armour.
You continue putting on your +0 pair of gloves. x4
You finish putting on your +0 pair of gloves.
Done exploring.
Things that are here:
a +0 club; a rat skeleton; a hobgoblin skeleton
There is a stone staircase leading down here.
As you read the scroll labelled FAWULE OPAUM, it crumbles to dust.
It is a scroll of enchant weapon.
Your +0 hand axe glows red for a moment.
Okay, then.
As you read the scroll labelled AFYFIR VASATO, it crumbles to dust.
You feel strangely unstable.
It was a scroll of teleportation.
As you read the scroll labelled RIKLEBR SEMUG, it crumbles to dust.
You assume a fearsome visage.
Nothing appears to happen.
It was a scroll of fear.
As you read the scroll labelled XAACEM BIKUKO, it crumbles to dust.
It is a scroll of brand weapon.
Your +1 hand axe becomes incredibly heavy!
a - a +1 heavy hand axe (weapon)
Your surroundings suddenly seem different.
Okay, then.
Are you sure you want to abandon this character and quit the game? (Confirm with "yes".)

#.............#######
###.#.........# #...#
#...(.......# #...#
#..........## #...#
#..#.####.#####...#
####.# #.........#
#.# #######...#
#.######## #.###
#...@....# #.#
#........# #.#
#........###.#
#..........#.#
#..........#.#
#..........#.#
#..........#.#
#............# ###
#........####### #..


There were no monsters in sight!

Vanquished Creatures
  2 dart slugs (D:1)
  2 endoplasms (D:1)
  3 giant cockroaches (D:1)
  4 goblins (D:1)
  2 hobgoblins (D:1)
  A jackal (D:1)
  A kobold (D:1)
  2 quokkas (D:1)
  4 ball pythons (D:1)
  2 bats (D:1)
  4 rats (D:1)
27 creatures vanquished.

Notes
Turn   | Place    | Note
-------+----------+-------------------------------------------
     0 | D:1      | Ekko the Minotaur Berserker began the quest for the Orb.
     0 | D:1      | Reached XP level 1. HP: 19/19 MP: 0/0
   286 | D:1      | Reached XP level 2. HP: 18/27 MP: 1/1
   736 | D:1      | Reached XP level 3. HP: 33/33 MP: 2/2
   975 | D:1      | Reached ** piety under Trog
  1017 | D:1      | Quit the game

Illustrated notes

Levels and vault maps discovered:
D:1:      minmay_arrival_plants_in_alcoves, layout_basic, minmay_close_crescents

Skill      XL: |  1  2 |
---------------+-------+-----
Axes           | 4 |  4.1
Fighting       | 4 |  4.1
Armour         | 3 |  3.0
Dodging        | |  2.7

Action                     || total
---------------------------++-------
  Melee: Hand axe          ||    64
         Headbutt          ||    11
    Use: Scroll            ||     4
   Stab: Sleeping          ||     1
 Armour: Animal skin       ||    15
         Ring mail         ||    18
  Dodge: Dodged            ||    35

Table legend: (Time is in decaauts)
 A = Elapsed time spent in this place.
 B = Non-inter-level travel time spent in this place.
 C = Inter-level travel time spent in this place.
 D = Time resting spent in this place.
 E = Time spent auto-exploring this place.
 F = Levels seen in this place.
 G = Mean time per level.
                   A        B        C        D        E       F      G
               +--------+--------+--------+--------+--------+-----+--------+
         Total |   1023 |   1003 |     20 |    217 |    530 |   1 | 1023.0 |
       Dungeon |   1023 |   1003 |     20 |    217 |    530 |   1 | 1023.0 |
               +--------+--------+--------+--------+--------+-----+--------+

Top non-repeatable levels by time:
     D:1: 1023 daAuts
